 Dungeon Crawl Stone Soup version 0.27-a0-604-g29a88b33a7 (webtiles) character file.

Game seed: 11983625689600637241

39 Essalna the Chiller (level 3, -4/26 HPs)
             Began as a Demonspawn Ice Elementalist on Mar 12, 2021.
             Slain by a hobgoblin
             ... wielding a +0 club
              (5 damage)
             ... on level 2 of the Dungeon.
             The game lasted 00:03:19 (1753 turns).

Essalna the Chiller (Demonspawn Ice Elementalist)   Turns: 1753, Time: 00:03:20

Health: -4/26      AC:  5    Str:  8    XL:     3   Next: 26%
Magic:  6/6        EV: 12    Int: 17    God:
Gold:   64         SH:  0    Dex: 13    Spells: 5/6 levels left

rFire    . . .     SeeInvis .   (no weapon)
rCold    . . .     Faith    .   (no shield)
rNeg     . . .     Spirit   .   a - +0 robe
rPois    .         Reflect  .   (no helmet)
rElec    .         Harm     .   e - +0 cloak
rCorr    .         Rampage  .   b - +0 pair of gloves
Will     .....                  (no boots)
Stlth    ++........             (no amulet)
HPRegen  0.08/turn              (no ring)
MPRegen  0.10/turn              (no ring)

@: no status effects
A: hooves 1, sharp scales 1
a: no special abilities


You were on level 2 of the Dungeon.
You visited 1 branch of the dungeon, and saw 2 of its levels.

You collected 64 gold pieces.

Inventory:

Armour
 a - a +0 robe (worn)
 b - a +0 pair of gloves (worn)
 e - a +0 cloak (worn)
Scrolls
 c - 2 scrolls of identify {unknown}
 d - 2 scrolls of teleportation {unknown}
 f - a scroll of magic mapping {unknown}
Potions
 g - a potion of lignification {unknown}
 h - a potion of invisibility {unknown}


   Skills:
 + Level 1.2 Fighting
 + Level 2.2 Dodging
 - Level 1.7 Stealth
 + Level 2.4 Spellcasting
 + Level 3.9 Ice Magic


You had 5 spell levels left.
You knew the following spells:

 Your Spells              Type           Power      Damage    Failure   Level
a - Freeze                Ice            60%        1d8       3%          1

Your spell library contained the following spells:

 Spells                   Type           Power      Damage    Failure   Level
 Frozen Ramparts          Ice            30%        1d5       11%         3
 Ozocubu's Armour         Ice            15%        N/A       11%         3
 Hailstorm                Conj/Ice       8%         3d4       63%         4
 Summon Ice Beast         Ice/Summ       8%         N/A       63%         4


Dungeon Overview and Level Annotations

Branches:
Dungeon (2/15)

Altars:


Innate Abilities, Weirdness & Mutations

You have large cloven feet.
You are partially covered in razor-sharp scales. (AC +1, Slay +1)


Message History

The frilled lizard bites you but does no damage.
The goblin hits you with a +0 dagger. The hobgoblin misses you.
The frilled lizard bites you. The goblin closely misses you.
The hobgoblin hits you with a +0 club. The frilled lizard barely misses you.
The goblin hits you but does no damage. The hobgoblin barely misses you.
The frilled lizard bites you but does no damage.
The goblin barely misses you. The hobgoblin closely misses you.
The frilled lizard bites you. The goblin hits you with a +0 dagger.
The hobgoblin hits you with a +0 club.
The frilled lizard bites you but does no damage.
The goblin closely misses you.
The frilled lizard bites you but does no damage.
The hobgoblin barely misses you. The goblin barely misses you.
The frilled lizard bites you but does no damage.
The goblin hits you but does no damage. The hobgoblin barely misses you.
The frilled lizard bites you but does no damage.
The goblin barely misses you. The hobgoblin closely misses you.
The frilled lizard barely misses you. The goblin hits you with a +0 dagger.
The hobgoblin hits you but does no damage.
The frilled lizard barely misses you. The goblin hits you with a +0 dagger.
The hobgoblin hits you with a +0 club.
* * * LOW HITPOINT WARNING * * *
The frilled lizard barely misses you. The goblin hits you but does no damage.
The hobgoblin hits you with a +0 club.
* * * LOW HITPOINT WARNING * * *
The frilled lizard misses you. The goblin hits you with a +0 dagger.
* * * LOW HITPOINT WARNING * * *
The hobgoblin closely misses you.
The frilled lizard bites you but does no damage.
The goblin hits you with a +0 dagger.
* * * LOW HITPOINT WARNING * * *
The hobgoblin hits you with a +0 club.
* * * LOW HITPOINT WARNING * * *
The frilled lizard misses you. The goblin hits you but does no damage.
The hobgoblin hits you with a +0 club.
You die...

###...# #..........†..#
#.....# #####.........#
#.###########.........#
...................>..#
..###########....##+###
..# ####.# †.# ####.#
.## ####..l.## '#
...?..g@.# ..
......g.?# ..
.........# ..
.........# ...
.........# ........(#
...#.##### ...+.


You could see a hobgoblin, a goblin and a frilled lizard.

Vanquished Creatures
  An ooze (D:1)
  2 dart slugs (D:1)
  2 leopard geckos (D:2)
  8 bats
  2 goblins (D:1)
  2 hobgoblins
  3 kobolds
  2 frilled lizards
  9 rats
31 creatures vanquished.

Notes
Turn   | Place    | Note
-------+----------+-------------------------------------------
     0 | D:1      | Essalna the Demonspawn Ice Elementalist began the quest for
                  | the Orb.
     0 | D:1      | Reached XP level 1. HP: 13/13 MP: 3/3
   437 | D:1      | Gained mutation: You have large cloven feet. [demonic
                  | ancestry]
   437 | D:1      | Reached XP level 2. HP: 13/20 MP: 3/5
   989 | D:1      | Reached skill level 1 in Fighting
  1421 | D:2      | Gained mutation: You are partially covered in razor-sharp
                  | scales. (AC +1, Slay +1) [demonic ancestry]
  1421 | D:2      | Reached XP level 3. HP: 26/26 MP: 3/6
  1752 | D:2      | HP: 1/26 [hobgoblin/+0 club (1)]
  1753 | D:2      | Slain by a hobgoblin

Illustrated notes

Levels and vault maps discovered:
D:1:      nagdon_arrival_zigzag_paths, layout_loops_corners
D:2:      layout_basic

Skill      XL: |  1  2 |
---------------+-------+-----
Dodging        | 2 |  2.2
Fighting       | 1 |  1.2
Stealth        | |  1.7
Spellcasting   | |  2.4
Ice Magic      | |  3.9

Action                   || total
-------------------------++-------
Melee: Unarmed           ||    54
       Kick              ||     7
 Cast: Freeze            ||    37
 Stab: Sleeping          ||     1
Armor: Robe              ||    80
Dodge: Dodged            ||   143

Table legend: (Time is in decaauts)
 A = Elapsed time spent in this place.
 B = Non-inter-level travel time spent in this place.
 C = Inter-level travel time spent in this place.
 D = Time resting spent in this place.
 E = Time spent auto-exploring this place.
 F = Levels seen in this place.
 G = Mean time per level.
                   A        B        C        D        E       F      G
               +--------+--------+--------+--------+--------+-----+--------+
         Total |   1752 |   1694 |     58 |      0 |   1360 |   2 |  876.0 |
       Dungeon |   1752 |   1694 |     58 |      0 |   1360 |   2 |  876.0 |
               +--------+--------+--------+--------+--------+-----+--------+

Top non-repeatable levels by time:
     D:1: 1398 daAuts
     D:2: 354 daAuts
